 Seeded DCSS version 0.31-a0-331-geda263fcf1 (webtiles) character file.

Game seed: 14215367866634240820 (custom seed)

2325 innerfire43 the Cleaver (level 9, -13/68 (71) HPs)
             Began as a Demonspawn Monk on July 18, 2023.
             Mangled by Duvessa
             ... wielding a +0 short sword
              (17 damage)
             ... on level 7 of the Dungeon on July 19, 2023.
             The game lasted 00:05:46 (5239 turns).

innerfire43 the Cleaver (Demonspawn Monk)           Turns: 5239, Time: 00:05:47

HP:   -13/68 (71)   AC:  3    Str: 16    XL:     9   Next: 19%
MP:   9/9           EV: 14    Int: 12    God:
Gold: 336           SH:  4    Dex: 15    Spells: 8/8 levels left

rFire   . . .        s - +4 war axe (flame)
rCold   . . .        d - orb {light}
rNeg    . . .        b - +0 robe
rPois   .            (helmet restricted)
rElec   .            (no cloak)
rCorr   +            (no gloves)
SInv    .            q - +0 pair of boots
Will    .....        (no amulet)
Stlth   +            w - ring of resist corrosion
HPRegen 0.31/turn    (no ring)
MPRegen 0.11/turn

%: no passive effects
@: glowing, lightly drained
A: horns 1, large bone plates 1, demonic guardian 2, condensation shield
a: no special abilities


You were on level 7 of the Dungeon.
You visited 1 branch of the dungeon, and saw 7 of its levels.
You also visited: Sewer.

You collected 336 gold pieces.

Inventory:

Hand Weapons
 a - a +0 hand axe
 m - a +0 war axe
 s - a +4 war axe of flaming (weapon)
Missiles
 h - 5 silver javelins (quivered)
Armour
 b - a +0 robe (worn)
 d - an orb of light (worn)
 k - a +2 helmet
 q - a +0 pair of boots (worn)
Jewellery
 w - a ring of resist corrosion (left hand)
 z - a ring of see invisible
Talismans
 G - a serpent talisman
Wands
 t - a wand of roots (19)
 u - a wand of polymorph (12)
 v - a wand of mindburst (19)
 B - a wand of paralysis (13)
 E - a wand of quicksilver (17)
Scrolls
 f - 2 scrolls of fog {unknown}
 i - a scroll of amnesia {unknown}
 j - 4 scrolls of enchant armour {unknown}
 l - 3 scrolls of poison {unknown}
 o - a scroll of torment {unknown}
 p - a scroll of teleportation {unknown}
 r - 6 scrolls of identify {unknown}
 y - a scroll of blinking {unknown}
 A - a scroll of fear {unknown}
 D - 2 scrolls of vulnerability {unknown}
 H - a scroll of summoning {unknown}
 I - a scroll of enchant weapon
Potions
 e - a potion of lignification {unknown}
 g - 5 potions of curing {unknown}
 n - a potion of berserk rage {unknown}
 x - a potion of degeneration {unknown}
 C - a potion of haste {unknown}
 F - a potion of attraction {unknown}


   Skills:
 + Level 6.5 Fighting
 * Level 8.0 Axes
 + Level 3.6 Armour
 + Level 5.9 Dodging


You had 8 spell levels left.
You didn't know any spells.
Your spell library contained the following spells:

 Spells                   Type           Power      Damage    Failure   Level
 Apportation              Tloc           0%         N/A       32%         1
 Necrotise                Necr           0%         1d4       32%         1
 Sandblast                Erth           0%         2d4       32%         1
 Summon Small Mammal      Summ           0%         N/A       32%         1
 Passwall                 Tmut/Erth      0%         N/A       45%         2
 Sublimation of Blood     Necr           0%         N/A       45%         2
 Gell's Gravitas          Tloc           0%         N/A       69%         3
 Stone Arrow              Conj/Erth      0%         3d7       69%         3
 Teleport Other           Tloc           0%         N/A       69%         3
 Petrify                  Tmut/Erth      0%         N/A       97%         4
 Irradiate                Conj/Tmut      0%         3d11      100%        5
 Dispersal                Tloc           0%         N/A       100%        6


Dungeon Overview and Level Annotations

Branches:
Dungeon (7/15)              Sewer (visited)
 Temple: D:4-7

Altars:

Shops:
D:4 [   D:5 *

Annotations:
D:7 Duvessa


Innate Abilities, Weirdness & Mutations

You have a pair of small horns on your head.
You are partially covered in large bone plates. (SH +4)
A demonic guardian rushes to your aid.
A meltable shield of frost defends you. (SH +0)


Message History

Maggie is severely wounded.
You barely miss Duvessa.
Maggie hits you with a +0 war axe of flaming.
Your condensation shield dissipates!
Maggie burns you.
The hound pauses to sniff the ground.
A wight comes into view. It is wielding a +3 flail of freezing.
Duvessa hits you with a +0 short sword.
Dowan hits your ice devil but does no damage.
Your ice devil hits Dowan!
Your ice devil freezes Dowan!
You slash Maggie! You burn Maggie.
You kill Maggie!
You slash Duvessa! You burn Duvessa.
Dowan hits your ice devil with a +0 dagger!
Duvessa barely misses you.
Your ice devil hits Dowan.
Your ice devil freezes Dowan!
Dowan dies!
Duvessa weeps, and shakes her weapon.
Duvessa goes berserk!
Your Axes skill increases to level 8!
You hit Duvessa. You burn Duvessa.
Duvessa is moderately wounded.
You hit the wight but do no damage. Duvessa misses you.
A wight comes into view. It is wielding a +1 flail.
You block the wight's attack. Duvessa misses you.
You hit Duvessa. You burn Duvessa.
Duvessa is heavily wounded.
You hit the wight but do no damage. Duvessa hits you with a +0 short sword.
The wight closely misses you.
Unknown command.
You hit Duvessa. You burn Duvessa. You headbutt Duvessa.
Duvessa is severely wounded.
You hit the wight. You burn the wight. Duvessa barely misses you.
A sky beast comes into view.
The wight hits you from afar with a +5 trident!
* * * LOW HITPOINT WARNING * * *
A demonic guardian appears!
You feel drained.
* * * LOW HITPOINT WARNING * * *
The wight barely misses you. Duvessa hits you with a +0 short sword!
You die...

####### #.....# #
#....># ..#
#.....#########....#
#.....##z@.44..)..=#
#...5zzze#######.#.#
#...zh#### ###...Y.#
#####...###...#
#....<### ###.#
#.##### .# . ..


You could see Duvessa (berserk), a sky beast (wandering), a hound, 5 wights, a
white imp, a friendly orange demon (summoned) and a friendly ice devil
(summoned).

Vanquished Creatures
  Pikel (D:7)
  Maggie (D:7)
  2 water moccasins
  An ice beast (D:7)
  A sky beast (D:5)
  2 black bears
  A phantom (D:5)
  3 scorpions
  4 hounds
  An orc priest (D:3)
  Ijyb (D:4)
  2 iguanas
  An orc wizard (D:6)
  4 gnolls (D:2)
  4 adders
  A white imp (D:6)
  2 worms
  2 dart slugs
  11 orcs
  10 ball pythons
  9 endoplasms
  8 giant cockroaches
  9 goblins
  6 hobgoblins
  6 jackals (D:1)
  6 kobolds
  10 quokkas
  5 bats
  6 frilled lizards
  4 rats
124 creatures vanquished.

Vanquished Creatures (collateral kills)
  Pargi (Sewer)
  A black bear (D:4)
  Dowan (D:7)
  An iguana (D:4)
  Terence (D:3)
  An orc (D:3)
  An endoplasm (D:2)
  2 kobolds (D:1)
9 creatures vanquished.

Grand Total: 133 creatures vanquished

Notes
Turn   | Place    | Note
-------+----------+-------------------------------------------
     0 | D:1      | innerfire43 the Demonspawn Monk began the quest for the
                  | Orb.
     0 | D:1      | Reached XP level 1. HP: 18/18 MP: 1/1
     0 | D:1      | Upgraded the game from 0.31-a0-325-g067879e3d3 to
                  | 0.31-a0-331-geda263fcf1
    53 | D:1      | Reached skill level 3 in Axes
    53 | D:1      | Gained mutation: A weak demonic guardian rushes to your
                  | aid. [demonic ancestry]
    53 | D:1      | Reached XP level 2. HP: 10/24 MP: 2/2
   457 | D:1      | Reached XP level 3. HP: 28/29 MP: 3/3
  1271 | D:2      | Gained mutation: A demonic guardian rushes to your aid.
                  | [demonic ancestry]
  1271 | D:2      | Reached XP level 4. HP: 18/35 MP: 4/4
  1664 | D:3      | Reached skill level 4 in Axes
  1728 | D:3      | Reached XP level 5. HP: 27/42 MP: 5/5
  1907 | D:3      | Noticed Terence
  1921 | D:3      | Killed Terence
  2545 | D:4      | Found Junwutirr's Armour Shoppe.
  2617 | D:4      | Noticed Ijyb
  2638 | D:4      | Killed Ijyb
  2947 | D:4      | Noticed a black bear
  2956 | D:4      | Killed a black bear
  2957 | D:4      | Reached XP level 6. HP: 32/48 MP: 6/6
  3063 | D:4      | Found a glowing drain.
  3068 | D:4      | Reached skill level 5 in Axes
  3079 | Sewer    | Entered a sewer
  3116 | Sewer    | Noticed Pargi
  3125 | Sewer    | Killed Pargi
  3541 | D:4      | Gained mutation: A meltable shield of frost defends you.
                  | (SH +0) [demonic ancestry]
  3541 | D:4      | Reached XP level 7. HP: 37/55 MP: 7/7
  3819 | D:4      | Identified a scroll of acquirement
  3819 | D:4      | Acquired a +3 war axe of flaming
  3824 | D:5      | Entered Level 5 of the Dungeon
  3955 | D:5      | Reached skill level 5 in Fighting
  3955 | D:5      | Reached skill level 6 in Axes
  3955 | D:5      | Reached skill level 1 in Armour
  4491 | D:5      | Gained mutation: You are partially covered in large bone
                  | plates. (SH +4) [demonic ancestry]
  4491 | D:5      | Reached XP level 8. HP: 61/62 MP: 8/8
  4548 | D:5      | Found Ucuimn's Serpentskin Sales.
  4556 | D:5      | Reached skill level 5 in Dodging
  4926 | D:6      | Identified the +1 long sword "Demon's Foe" {pain, *Slow
                  | rPois Str-4 Int+5}
  5198 | D:7      | Noticed Pikel
  5207 | D:7      | Killed Pikel
  5208 | D:7      | Reached skill level 7 in Axes
  5217 | D:7      | Noticed Maggie
  5220 | D:7      | Gained mutation: You have a pair of small horns on your
                  | head. [demonic ancestry]
  5220 | D:7      | Reached XP level 9. HP: 18/69 MP: 9/9
  5221 | D:7      | Noticed Duvessa
  5222 | D:7      | Noticed Dowan
  5236 | D:7      | Killed Maggie
  5236 | D:7      | Killed Dowan
  5237 | D:7      | Reached skill level 8 in Axes
  5239 | D:7      | Mangled by Duvessa

Illustrated notes

Levels and vault maps discovered:
D:1:      dpeg_arrival_castle, layout_basic, serial_forest,
          infiniplex_forest_straight_2, infiniplex_forest_straight_3,
          infiniplex_forest_clump_double, infiniplex_forest_lined_1,
          infiniplex_forest_clump_small, infiniplex_forest_straight_2,
          infiniplex_forest_lined_3_way
D:2:      layout_rooms
D:3:      layout_basic, general_overflow_altar, uniq_terence
D:4:      minmay_chambers_of_fours, layout_loops_ring, gup_sewer_entry_pipe,
          serial_shops, shop, uniq_ijyb
D:5:      layout_basic, guppyfry_shop_venom
D:6:      layout_rooms
D:7:      layout_rooms, minmay_temple_entry_hall, serial_shops,
          nicolae_shop_overgrown_old_shop, uniq_pikel, uniq_maggie, uniq_duvessa

Skill      XL: |  1  2  3  4  5  6  7  8  9 |
---------------+----------------------------+-----
Axes           | 3 4 5 6 7 8 |  8.0
Dodging        | 3 4 5 |  5.9
Fighting       | 4 5 6 |  6.5
Armour         | 1 3 |  3.6

Action                     |  1- 3 |  4- 6 |  7- 9 || total
---------------------------+-------+-------+-------++-------
  Melee: Hand axe          |    87 |    36 |       ||   123
         War axe           |       |   132 |    95 ||   227
         Headbutt          |       |       |     2 ||     2
  Throw: Javelin           |     4 |     1 |       ||     5
    Use: Potion            |       |     1 |     1 ||     2
         Scroll            |       |       |     2 ||     2
 Armour: Robe              |    19 |    54 |    26 ||    99
  Dodge: Dodged            |    73 |   138 |    54 ||   265
  Block: Orb               |       |       |    26 ||    26

Table legend: (Time is in decaauts)
 A = Elapsed time spent in this place.
 B = Non-inter-level travel time spent in this place.
 C = Inter-level travel time spent in this place.
 D = Time resting spent in this place.
 E = Time spent auto-exploring this place.
 F = Levels seen in this place.
 G = Mean time per level.
                   A        B        C        D        E       F      G
               +--------+--------+--------+--------+--------+-----+--------+
         Total |   5320 |   5120 |    200 |      0 |   4226 |   8 |  665.0 |
       Dungeon |   5094 |   4894 |    200 |      0 |   4045 |   7 |  727.7 |
         Sewer |    226 |    226 |      0 |      0 |    181 |   1 |  226.0 |
               +--------+--------+--------+--------+--------+-----+--------+

Top non-repeatable levels by time:
     D:4: 1140 daAuts
     D:1: 1070 daAuts
     D:3: 886 daAuts
     D:5: 868 daAuts
     D:2: 569 daAuts
     D:6: 501 daAuts
   Sewer: 226 daAuts
     D:7: 56 daAuts
